 Dungeon Crawl Stone Soup version 0.27-a0-650-g8dd3ea4f36 (webtiles) character file.

Game seed: 16727055735462400034

33 OTABOTABOTAB the Conjurer (level 3, -3/26 HPs)
             Began as a Draconian Conjurer on Mar 15, 2021.
             Slain by an orc
             ... wielding a +0 flail
              (12 damage)
             ... on level 3 of the Dungeon.
             The game lasted 00:03:03 (2310 turns).

OTABOTABOTAB the Conjurer (Draconian Conjurer)      Turns: 2310, Time: 00:03:04

Health: -3/26      AC:  5    Str:  9    XL:     3   Next: 12%
Magic:  2/7        EV: 12    Int: 19    God:
Gold:   183        SH:  0    Dex:  9    Spells: 6/7 levels left

rFire    . . .     SeeInvis .   g - +0 spear
rCold    . . .     Faith    .   (no shield)
rNeg     . . .     Spirit   .   (armour unavailable)
rPois    .         Reflect  .   (helmet restricted)
rElec    .         Harm     .   (no cloak)
rCorr    .         Rampage  .   (no gloves)
Will     .....                  (no boots)
Stlth    ++........             (no amulet)
HPRegen  0.08/turn              b - ring of flight {+Fly, !d}
MPRegen  0.10/turn              (no ring)

@: no status effects
A: AC +5, unfitting armour, cold-blooded
a: Evoke Flight


You were on level 3 of the Dungeon.
You visited 1 branch of the dungeon, and saw 3 of its levels.

You collected 183 gold pieces.

Inventory:

Hand Weapons
 g - a +0 spear (weapon)
   (You found it on level 2 of the Dungeon)
Missiles
 c - 6 datura-tipped darts
 e - 2 javelins (quivered) {=f}
Jewellery
 b - a ring of flight (right hand) {+Fly, !d}
   (You found it on level 2 of the Dungeon)
 j - a ring of ice {rC+, rF-}
   (You found it on level 2 of the Dungeon)
Scrolls
 a - 2 scrolls of teleportation {unknown}
 d - a scroll of random uselessness {unknown}
 f - 3 scrolls of blinking {unknown}
 h - a scroll of enchant weapon {unknown}
 i - 4 scrolls of identify {unknown}
 m - a scroll of magic mapping {unknown}
Potions
 k - a potion of attraction {unknown}
 l - a potion of magic {unknown}


   Skills:
 - Level 1.7 Dodging
 - Level 1.7 Stealth
 + Level 2.8 Spellcasting
 + Level 4.5 Conjurations


You had 6 spell levels left.
You knew the following spells:

 Your Spells              Type           Power      Damage    Failure   Level
z - Magic Dart            Conj           76%        1d6       2%          1

Your spell library contained the following spells:

 Spells                   Type           Power      Damage    Failure   Level
 Searing Ray              Conj           38%        3d4       3%          2
 Dazzling Flash           Conj/Hex       22%        N/A       19%         3
 Fulminant Prism          Conj/Hex       5%         3d7       52%         4
 Iskenderun's Mystic Bla  Conj/Tloc      11%        2d4       52%         4


Dungeon Overview and Level Annotations

Branches:
Dungeon (3/15)

Altars:


Innate Abilities, Weirdness & Mutations

Your plain brown scales are hard. (AC +5)
You cannot fit into any form of body armour.
You are cold-blooded and may be slowed by cold attacks.


Message History

Found a stone staircase leading down.
i - 4 scrolls labelled JAVAERHUSI (gained 1)
An orc comes into view. It is wielding a +0 flail.
The orc shouts!
You don't know that spell.
Aim: an orc, wielding a +0 flail, wearing a +0 leather armour and quivering boomerangs (0% to evade)
The magic dart hits the orc but does no damage.
The orc throws a boomerang.
The boomerang misses you.
You now have 6/7 mp.
Aim: an orc, wielding a +0 flail, wearing a +0 leather armour and quivering boomerangs (0% to evade)
The magic dart hits the orc but does no damage.
The orc throws a boomerang.
The boomerang completely misses you.
You now have 5/7 mp.
Aim: an orc, wielding a +0 flail, wearing a +0 leather armour and quivering boomerangs (0% to evade)
The magic dart hits the orc.
The orc throws a boomerang.
The boomerang hits you!
You take 8 damage, and have 18/26 hp.
MASSIVE DAMAGE!!
You now have 4/7 mp.
Aim: an orc, wielding a +0 flail, wearing a +0 leather armour and quivering boomerangs (lightly wounded, 0% to evade)
The magic dart hits the orc but does no damage.
You now have 3/7 mp.
Aim: an orc, wielding a +0 flail, wearing a +0 leather armour and quivering boomerangs (lightly wounded, 0% to evade)
You miscast Magic Dart.
You are very lightly contaminated with residual magic.
Nothing appears to happen.
The orc throws a boomerang.
The boomerang closely misses you.
You now have 2/7 mp.
Aim: an orc, wielding a +0 flail, wearing a +0 leather armour and quivering boomerangs (lightly wounded, 0% to evade)
The magic dart hits the orc.
You now have 1/7 mp.
Aim: an orc, wielding a +0 flail, wearing a +0 leather armour and quivering boomerangs (lightly wounded, 0% to evade)
The magic dart hits the orc.
You now have 0/7 mp.
You don't have enough magic to cast this spell.
You don't have enough magic to cast this spell.
You don't have enough magic to cast this spell.
You don't have enough magic to cast this spell.
You don't have enough magic to cast this spell.
Unknown command.
Your magical contamination has completely faded away.
Throw: 7 darts (datura)
Aim: an orc, wielding a +0 flail, wearing a +0 leather armour and quivering boomerangs (moderately wounded, 52% to hit, chance to frenzy on hit: 100%)
You throw a datura-tipped dart. The datura-tipped dart hits the orc.
The orc flies into a frenzy!
Okay, then.
Unknown command.
Throw: 2 javelins {=f} Really target yourself? [Y]es or [N]o only, please.
Really target yourself? [Y]es or [N]o only, please.
Really target yourself?
Okay, then.
Unknown command.
Unknown command.
Throw: 2 javelins {=f} Really target yourself? [Y]es or [N]o only, please.
Really target yourself? [Y]es or [N]o only, please.
Really target yourself?
Okay, then.
The orc misses you. The orc barely misses you. The orc misses you.
That beam is likely to hit you.
Continue anyway? [Y]es or [N]o only, please.
That beam is likely to hit you.
Continue anyway? [Y]es or [N]o only, please.
That beam is likely to hit you.
Continue anyway? [Y]es or [N]o only, please.
That beam is likely to hit you.
Continue anyway? [Y]es or [N]o only, please.
That beam is likely to hit you.
Continue anyway?
Okay, then.
Unknown command.
The orc barely misses you.
The orc shouts!
The orc shouts!
The orc hits you with a +0 flail.
You take 4 damage, and have 15/26 hp.
Aim: an orc, wielding a +0 flail, wearing a +0 leather armour and quivering boomerangs (lightly wounded, fast, strong, frenzied and insane, 0% to evade)
Okay, then.
An orc is nearby!
Unknown command.
An orc is nearby!
Unknown command.
An orc is nearby!
Unknown command.
An orc is nearby!
The orc hits you with a +0 flail.
You take 1 damage, and have 14/26 hp.
The orc shouts!
The orc closely misses you.
The orc shouts!
The orc barely misses you. The orc hits you with a +0 flail.
You take 5 damage, and have 9/26 hp.
The orc hits you with a +0 flail!
You die...

..#.# .># ..#.# ..#. ..#.#
.######.#. ..#.# ..........
..#.# #.# .(#.# ##########(#
....# #........#.#
..###################.######.#.#
................@o...........#.#
#####################.########.#
#..........# ############


You could see a neutral orc (fast, strong, insane).

Vanquished Creatures
  A leopard gecko (D:2)
  2 giant cockroaches
  6 goblins
  5 hobgoblins
  4 kobolds
  A quokka (D:2)
  5 bats
  3 frilled lizards
  2 rats
29 creatures vanquished.

Notes
Turn   | Place    | Note
-------+----------+-------------------------------------------
     0 | D:1      | OTABOTABOTAB the Draconian Conjurer began the quest for the
                  | Orb.
     0 | D:1      | Reached XP level 1. HP: 14/14 MP: 3/3
   532 | D:1      | Reached XP level 2. HP: 20/20 MP: 0/5
  1740 | D:2      | Reached XP level 3. HP: 26/26 MP: 4/7
  2310 | D:3      | Slain by an orc

Illustrated notes

Levels and vault maps discovered:
D:1:      dpeg_arrival_leaves_temple_mockup, layout_basic
D:2:      layout_basic
D:3:      layout_basic, gammafunk_temple_overflow_wave,
          ebering_ghost_rock_garden, minmay_misc_feat_five, uniq_natasha

Action                   || total
-------------------------++-------
Throw: Dart              ||     1
 Cast: Magic Dart        ||    61
Dodge: Dodged            ||    11

Table legend: (Time is in decaauts)
 A = Elapsed time spent in this place.
 B = Non-inter-level travel time spent in this place.
 C = Inter-level travel time spent in this place.
 D = Time resting spent in this place.
 E = Time spent auto-exploring this place.
 F = Levels seen in this place.
 G = Mean time per level.
                   A        B        C        D        E       F      G
               +--------+--------+--------+--------+--------+-----+--------+
         Total |   2308 |   2250 |     58 |    306 |   1794 |   3 |  769.3 |
       Dungeon |   2308 |   2250 |     58 |    306 |   1794 |   3 |  769.3 |
               +--------+--------+--------+--------+--------+-----+--------+

Top non-repeatable levels by time:
     D:1: 1128 daAuts
     D:2: 818 daAuts
     D:3: 360 daAuts

Table legend:
 A = Kills in this place as a percentage of kills in entire the game.
 B = Kills by you in this place as a percentage of kills by you in the entire game.
 C = Kills by friends in this place as a percentage of kills by friends in the entire game.
 D = Other kills in this place as a percentage of other kills in the entire game.
 E = Experience gained in this place as a percentage of experience gained in the entire game.
 F = Experience gained in this place divided by the number of levels of this place that you have seen.
                   A       B       C       D       E      F
               +-------+-------+-------+-------+-------+----------------------
         Total | 100.0 | 100.0 |   N/A |   N/A | 100.0 |  16.0
       Dungeon | 100.0 | 100.0 |   N/A |   N/A | 100.0 |  16.0
               +-------+-------+-------+-------+-------+----------------------
